Map: Neon Violet Square LE

Players

Alchemy - Winner!

  • Race: Protoss Protoss
  • League: Silver
  • Spawn Location: 5:00

JTS

  • Race: Protoss Protoss
  • League: Silver
  • Spawn Location: 11:00

VOD

Have the link to the VOD?

Description

Time

  • Played on: Jan. 31, 2018, 2:11 p.m.
  • Length: 18:05
Show
View Real Time Build Order
Export as new Build Order

Alchemy Protoss - Winner!

Build Orders: 1 Gate Expand 

Get SALT Encoding   

  12  0:01  Probe  
  13  0:13  Probe  
  14  0:18  Pylon  
  14  0:25  Probe  
  15  0:37  Gateway  
  15  0:38  Probe  
  16  0:45  Assimilator  
  16  0:50  Probe  
  17  1:03  Probe  
  18  1:15  Probe  
  19  1:25  Cybernetics Core  
  19  1:27  Probe  
  20  1:39  Nexus  
  20  1:42  Probe  
  21  1:50  Assimilator  
  21  1:54  Probe  
  22  1:56  Warp Gate (Chrono Boost)  
  22  2:06  Probe  
  23  2:31  Robotics Facility  
  23  2:33  Pylon  
  23  2:46  Probe (Chrono Boost)  
  23  2:54  Probe (Chrono Boost)  
  25  2:58  Pylon  
  25  3:03  Probe (Chrono Boost)  
  25  3:04  Probe (Chrono Boost)  
  26  3:05  Gateway  
  26  3:09  Probe x2 (Chrono Boost)  
  28  3:20  Probe  
  28  3:21  Probe  
  28  3:23  Immortal (Chrono Boost)  
  34  3:32  Probe  
  34  3:33  Probe  
  36  3:44  Probe  
  36  3:45  Probe  
  36  3:47  Pylon  
  38  3:56  Probe  
  38  3:57  Probe  
  38  3:59  Immortal (Chrono Boost)  
  44  4:09  Probe x2  
  46  4:11  Nexus  
  46  4:16  Pylon  
  46  4:21  Probe x2  
  48  4:28  Sentry  
  48  4:29  Stalker  
  53  4:31  Observer (Chrono Boost)  
  53  4:35  Probe x2  
  55  4:45  Warp Prism (Chrono Boost)  
  55  4:47  Probe  
  55  4:48  Probe  
  60  5:00  Probe, Stalker x2  
  64  5:13  Immortal (Chrono Boost)  
  68  5:20  Gateway  
  68  5:24  Stalker x2  
  72  5:33  Forge  
  72  5:34  Forge  
  72  5:37  Probe x3  
  72  5:40  Immortal (Chrono Boost)  
  79  5:49  Probe x2  
  80  5:50  Stalker x2  
  84  6:02  Gateway  
  84  6:03  Pylon  
  84  6:05  Protoss Ground Weapons Level 1 (Chrono Boost)  
  84  6:06  Pylon  
  84  6:07  Protoss Ground Armor Level 1 (Chrono Boost)  
  84  6:15  Probe  
  85  6:21  Probe x2, Assimilator, Immortal (Chrono Boost)  
  91  6:25  Assimilator  
  91  6:27  Probe  
  91  6:29  Assimilator  
  92  6:33  Probe x2  
  94  6:45  Probe x2  
  96  6:53  Sentry  
  98  6:54  Stalker  
  98  7:00  Pylon  
  100  7:02  Pylon  
  100  7:18  Immortal  
  98  7:32  Stalker x2  
  98  7:33  Stalker  
  84  7:51  Stalker  
  84  7:57  Immortal  
  90  8:05  Probe x3  
  93  8:15  Stargate  
  93  8:17  Probe  
  94  8:29  Assimilator  
  94  8:34  Stargate  
  94  8:39  Immortal (Chrono Boost)  
  98  8:49  Twilight Council  
  98  9:14  Stalker x2  
  98  9:15  Stalker  
  104  9:18  Stalker  
  104  9:21  Observer  
  107  9:24  Phoenix  
  107  9:25  Phoenix  
  107  9:28  Protoss Ground Weapons Level 2 (Chrono Boost)  
  111  9:35  Protoss Ground Armor Level 2 (Chrono Boost)  
  111  9:42  Blink (Chrono Boost)  
  112  9:54  Immortal  
  112  9:59  Phoenix  
  117  10:17  Nexus  
  117  10:19  Pylon  
  117  10:21  Pylon  
  117  10:24  Pylon  
  117  10:27  Assimilator  
  117  10:31  Assimilator  
  117  10:37  Pylon, Phoenix x2  
  121  10:43  Pylon  
  121  10:49  Probe x3  
  124  11:00  Stalker  
  124  11:01  Probe x3, Sentry  
  124  11:03  Stalker  
  133  11:04  Sentry  
  133  11:08  Phoenix x2  
  138  11:52  Immortal, Phoenix x2  
  146  11:55  Zealot  
  146  11:56  Zealot x3  
  124  12:37  Stalker x2  
  124  12:38  Stalker x2  
  132  13:00  Gateway  
  132  13:02  Gateway, Probe x2  
  132  13:03  Gateway  
  132  13:05  Gateway  
  134  13:06  Probe x2  
  134  13:08  Protoss Ground Weapons Level 3 (Chrono Boost)  
  134  13:09  Gateway, Protoss Ground Armor Level 3 (Chrono Boost)  
  136  13:13  Protoss Air Weapons Level 1 (Chrono Boost)  
  136  13:14  Gateway  
  130  13:29  Stalker x3  
  130  13:30  Stalker  
  134  13:53  Stalker  
  134  13:54  Stalker x3  
  142  14:14  Immortal  
  142  14:16  Phoenix  
  148  14:17  Phoenix  
  148  14:21  Stalker x3  
  154  14:39  Stalker x3  
  154  14:40  Stalker  
  154  14:41  Stalker x2  
  154  14:42  Stalker  
  168  14:53  Immortal  
  172  15:08  Phoenix  
  172  15:15  Phoenix  
  150  15:23  Stalker x2  
  150  15:24  Stalker x2  
  150  15:25  Stalker x2  
  150  15:26  Stalker  
  150  15:27  Stalker  
  150  15:28  Stalker x2  
  154  15:36  Phoenix  
  154  15:40  Phoenix  
  154  15:46  Stalker  
  154  15:47  Stalker x3  
  154  15:48  Stalker  
  154  15:49  Stalker  
  158  15:50  Stalker  
  158  15:51  Stalker  
  158  15:52  Stalker  
  158  15:53  Stalker  
  162  16:16  Stalker x2  
  162  16:17  Stalker x3  
  172  16:34  Phoenix  
Show
View Real Time Build Order
Export as new Build Order

JTS Protoss 

Build Orders:  

Get SALT Encoding   

  12  0:02  Probe (Chrono Boost)  
  13  0:11  Probe (Chrono Boost)  
  14  0:20  Pylon  
  14  0:23  Probe  
  15  0:38  Probe  
  15  0:40  Gateway  
  16  0:45  Assimilator  
  16  0:50  Probe  
  17  1:03  Gateway  
  17  1:11  Probe (Chrono Boost)  
  18  1:20  Assimilator  
  18  1:21  Probe (Chrono Boost)  
  18  1:25  Pylon  
  19  1:33  Cybernetics Core  
  19  1:37  Probe  
  20  1:49  Probe  
  21  1:58  Forge  
  21  2:06  Warp Gate (Chrono Boost)  
  21  2:09  Stalker  
  21  2:10  Stalker  
  25  2:18  Probe  
  26  2:25  Pylon  
  26  2:30  Probe  
  27  2:48  Stalker  
  27  2:49  Stalker  
  31  2:55  Stargate  
  31  3:13  Robotics Facility  
  31  3:24  Pylon  
  31  3:34  Gateway  
  31  3:41  Photon Cannon  
  31  3:48  Photon Cannon  
  31  4:01  Observer  
  32  4:04  Void Ray  
  36  4:14  Stalker  
  38  4:22  Stalker  
  40  4:36  Observer  
  41  4:51  Nexus  
  41  5:04  Pylon  
  41  5:14  Pylon, Stalker  
  41  5:16  Probe (Chrono Boost)  
  44  5:28  Probe (Chrono Boost)  
  45  5:33  Probe (Chrono Boost)  
  46  5:50  Stalker x2  
  46  5:51  Pylon  
  46  5:56  Stalker  
  52  5:58  Probe (Chrono Boost)  
  53  6:08  Probe (Chrono Boost)  
  53  6:10  Probe (Chrono Boost)  
  55  6:15  Probe (Chrono Boost)  
  56  6:21  Probe (Chrono Boost)  
  56  6:24  Probe (Chrono Boost)  
  58  6:32  Probe (Chrono Boost)  
  60  6:35  Probe (Chrono Boost), Void Ray  
  60  6:37  Probe (Chrono Boost)  
  65  6:44  Assimilator  
  65  6:49  Assimilator  
  65  6:54  Probe  
  66  6:57  Probe  
  67  7:06  Probe  
  68  7:09  Probe  
  68  7:14  Stalker x2  
  68  7:15  Stalker  
  75  7:18  Probe  
  75  7:21  Probe  
  65  7:54  Probe (Chrono Boost)  
  66  7:59  Nexus  
  66  8:03  Pylon  
  66  8:04  Probe (Chrono Boost)  
  67  8:07  Pylon  
  67  8:12  Pylon  
  67  8:16  Pylon  
  67  8:28  Photon Cannon  
  67  8:29  Photon Cannon  
  67  8:32  Photon Cannon  
  67  8:34  Pylon  
  67  8:38  Assimilator  
  67  8:40  Photon Cannon  
  67  8:45  Assimilator  
  67  8:50  Probe (Chrono Boost)  
  68  9:01  Probe (Chrono Boost)  
  69  9:03  Stalker  
  69  9:04  Stalker x2  
  69  9:06  Probe (Chrono Boost)  
  69  9:07  Immortal  
  69  9:08  Void Ray  
  84  9:14  Stargate  
  84  9:16  Stargate  
  84  9:17  Probe  
  85  9:19  Pylon  
  85  9:24  Photon Cannon  
  85  9:29  Probe  
  85  9:30  Stargate, Protoss Air Weapons Level 1 (Chrono Boost)  
  86  9:33  Protoss Ground Weapons Level 1 (Chrono Boost)  
  86  9:40  Probe (Chrono Boost)  
  87  9:51  Probe (Chrono Boost)  
  89  9:54  Probe (Chrono Boost)  
  89  9:58  Stalker  
  89  9:59  Stalker  
  94  10:00  Probe (Chrono Boost)  
  94  10:02  Probe (Chrono Boost), Stalker  
  94  10:06  Probe (Chrono Boost)  
  98  10:07  Probe (Chrono Boost)  
  99  10:18  Probe (Chrono Boost)  
  101  10:22  Nexus  
  101  10:24  Probe (Chrono Boost)  
  101  10:27  Probe (Chrono Boost), Pylon  
  102  10:31  Probe (Chrono Boost), Pylon  
  102  10:33  Probe  
  102  10:35  Pylon  
  104  10:38  Pylon  
  104  10:42  Pylon  
  104  10:43  Stalker x2  
  104  10:45  Stalker  
  110  10:52  Probe  
  111  10:58  Photon Cannon  
  111  11:02  Photon Cannon  
  111  11:05  Twilight Council  
  111  11:09  Cybernetics Core  
  111  11:12  Pylon  
  111  11:15  Assimilator  
  111  11:19  Protoss Air Armor Level 1 (Chrono Boost), Assimilator  
  111  11:22  Protoss Ground Armor Level 1 (Chrono Boost)  
  111  11:29  Void Ray (Chrono Boost)  
  119  11:34  Void Ray (Chrono Boost)  
  123  11:41  Void Ray (Chrono Boost)  
  127  11:48  Void Ray (Chrono Boost)  
  127  11:56  Stalker x2  
  127  11:57  Stalker  
  132  12:08  Void Ray (Chrono Boost)  
  88  12:31  Stalker x2  
  88  12:32  Stalker  
  88  12:34  Void Ray (Chrono Boost)  
  88  12:41  Void Ray x2 (Chrono Boost)  
  88  12:52  Void Ray (Chrono Boost)  
  88  13:02  Stalker x3  
  89  13:14  Void Ray  
  89  13:17  Void Ray  
  73  13:40  Stalker  
  67  13:41  Stalker x2  
  67  13:44  Void Ray (Chrono Boost)  
  78  13:51  Void Ray (Chrono Boost)  
  77  13:59  Nexus  
  77  14:04  Stalker  
  77  14:05  Stalker x2  
  91  14:14  Void Ray (Chrono Boost)  
  91  14:19  Void Ray (Chrono Boost)  
  83  14:36  Stalker x3  
  96  14:46  Void Ray x2 (Chrono Boost)  
  96  14:53  Void Ray (Chrono Boost)  
  96  14:56  Void Ray (Chrono Boost)  
  88  15:26  Void Ray  
  49  15:58  Zealot  
  35  16:18  Assimilator  
  35  16:22  Assimilator  
  31  16:26  Pylon  
  31  16:30  Gateway  
  31  16:32  Gateway  
  27  16:34  Gateway  
  27  16:38  Gateway  
  24  16:48  Gateway  
  24  16:52  Probe (Chrono Boost)  
  26  17:02  Probe (Chrono Boost)  
  26  17:12  Probe (Chrono Boost)  
  28  17:23  Probe (Chrono Boost)  
  28  17:42  Zealot x2  
  28  17:43  Zealot x2  
  35  17:45  Zealot  
Tags
 
Add a new tag
Caveats
  • Supply blocks, unpowered buildings, or Contaminate may cause inaccurate times.
  • Supply counts are checked every 10 seconds.